 Dungeon Crawl Stone Soup version 0.18.1-48-g4cf74bf (webtiles) character file.

843 atgrul the Geomancer (level 8, 0/41 HPs)
             Began as a Gargoyle Earth Elementalist on July 29, 2016.
             Was a Follower of Vehumet.
             Slain by an orc warrior
             ... wielding a +0 glaive
              (11 damage)
             ... on level 4 of the Dungeon.
             The game lasted 00:31:25 (6479 turns).

atgrul the Geomancer (Gargoyle Earth Elementalist)  Turns: 6479, Time: 00:31:26

Health: 0/41       AC: 10    Str: 12    XL:     8   Next: 0%
Magic:  1/11       EV: 12    Int: 18    God:    Vehumet [*.....]
Gold:   262        SH:  3    Dex: 10    Spells: 3 memorised, 2 levels left

rFire  . . .     SeeInvis .     e - +5 falchion
rCold  . . .     Gourm    .     a - +0 robe
rNeg   + . .     Faith    .     (no shield)
rPois  ∞         Spirit   .     q - +2 hat
rElec  +         Dismiss  .     (no cloak)
rCorr  .         Reflect  +     (no gloves)
SustAt .         Harm     .     d - +0 pair of boots
MR     .....                    f - +3 amulet of reflection
Stlth  ++........               (no ring)
                                (no ring)

@: not resistant to hostile enchantments, unstealthy
A: negative energy resistance 1, electricity resistance, unbreathing,
petrification resistance, rot immunity, AC +5
a: Renounce Religion


You were on level 4 of the Dungeon.
You worshipped Vehumet.
Vehumet was aware of your devotion.
You were not hungry.

You visited 1 branch of the dungeon, and saw 5 of its levels.
You also visited: Sewer and Ossuary.

You collected 262 gold pieces.

Inventory:

Hand Weapons
 e - a +5 falchion (weapon)
 k - a +1 dagger of venom
 o - a +0 dagger of venom
Missiles
 b - 106 stones (quivered)
Armour
 a - a +0 robe (worn)
 d - a +0 pair of boots (worn)
 i - a +0 leather armour
 q - a +2 hat (worn)
Jewellery
 f - a +3 amulet of reflection (around neck)
 s - an uncursed amulet of regeneration
Scrolls
 g - 3 scrolls of enchant armour
 m - a scroll of random uselessness
 p - a scroll of magic mapping
 t - a scroll of summoning {unknown}
Potions
 h - 2 potions of haste
 n - 2 potions of cure mutation
 u - a potion of berserk rage {unknown}
Books
 c - a book of Geomancy

   Spells                             Type                      Level
   a - Sandblast                      Earth                        1
   b - Passwall                       Transmutation/Earth          2
   c - Stone Arrow                    Conjuration/Earth            3
   d - Petrify                        Transmutation/Earth          4
   e - Lee's Rapid Deconstruction     Earth                        5
Comestibles
 j - a meat ration
 l - 2 bread rations
 r - a royal jelly
 v - 2 slices of pizza


   Skills:
 - Level 0.3(0.4) Short Blades
 + Level 0.1(0.3) Long Blades
 + Level 0.8 Throwing
 - Level 1.5 Dodging
 - Level 2.1 Stealth
 - Level 2.0 Spellcasting
 * Level 3.2 Conjurations
   Level 0.7 Transmutations
 + Level 10.1 Earth Magic


You had 2 spell levels left.
You knew the following spells:

 Your Spells              Type           Power        Failure   Level  Hunger
a - Sandblast             Erth           #####.       1%          1    #......
b - Stone Arrow           Conj/Erth      ####..       3%          3    ###....
c - Lee's Rapid Deconstr  Erth           #####.....   10%         5    ######.


Dungeon Overview and Level Annotations

Branches:
Dungeon (5/15)
 Temple: D:4-7

Altars:
Kikubaaqudgha
Makhleb
Nemelex Xobeh
Pakellas
Sif Muna
Trog
Vehumet
Xom
Yredelemnul

Annotations:
D:3 Sigmund


Innate Abilities, Weirdness & Mutations

You are resistant to torment.
Your stone body is resilient (AC +5).
You are immune to poison.
You resist negative energy.
You are resistant to electric shocks.
You can survive without breathing.
You are immune to petrification.
You are immune to rotting.


Message History

Confirm with . or Enter, or press ? or * to list all spells.
You don't have enough magic to cast that spell.
Unknown command.
Casting: Stone Arrow
Confirm with . or Enter, or press ? or * to list all spells.
Aiming: Sandblast
Press: ? - help, Shift-Dir - straight line, f/p - orc warrior
Aim: an orc warrior, wielding a glaive and wearing a chain mail (moderately wounded)
The blast of sand hits the orc warrior.
The orc warrior is moderately wounded.
The orc warrior hits you with a glaive!
Casting: Sandblast
Confirm with . or Enter, or press ? or * to list all spells.
Okay, then.
You hit the orc warrior.
The orc warrior is heavily wounded.
The orc warrior hits you with a glaive!!
* * * LOW HITPOINT WARNING * * *
The orc warrior hits you from afar with a glaive!
You die...

###### #########
#....## #.......#
#.....# #.......#
#...#.####.......#
#...._..##.......#
#####...#.#.##.......#
#...........##.......#
#............)>.@....#
#...........##o##....#
............##.##....#
#..........###.##....#
#..........# #.##....#
#..........#
#.##....### #
#####.#.####
#.####....# #
....<...#
#.####....### #
####.####
#...........########


You could see an orc warrior.

Vanquished Creatures
  A phantom (D:4)
  An ogre (D:4)
  A crocodile (Sewer)
  A howler monkey (D:5)
  A crimson imp (D:5)
  An orc priest (D:5)
  A gnoll shaman (D:4)
  A hound (D:4)
  Terence (D:3)
  Jessica (D:3)
  4 worker ants
  A hound zombie (D:5)
  9 gnolls
  10 adders
  An ooze (D:2)
  A worm (D:2)
  3 giant geckos
  11 orcs
  A ball python (D:1)
  6 giant cockroaches
  6 hobgoblins
  6 jackals
  11 kobolds
  3 quokkas (D:3)
  10 bats
  6 giant newts
  9 goblins
  A hobgoblin zombie (Ossuary)
  A quokka skeleton (D:5)
  3 rats
  A spectral orc (D:5)
114 creatures vanquished.

Notes
Turn   | Place    | Note
--------------------------------------------------------------
     0 | D:1      | atgrul the Gargoyle Earth Elementalist began the quest for the Orb.
     0 | D:1      | Reached XP level 1. HP: 10/10 MP: 3/3
    99 | D:1      | Reached skill level 4 in Earth Magic
   310 | D:1      | Reached XP level 2. HP: 15/15 MP: 3/5
  1249 | D:2      | Reached skill level 5 in Earth Magic
  1249 | D:2      | Reached XP level 3. HP: 19/19 MP: 4/6
  1371 | D:2      | Found a burning altar of Makhleb.
  1793 | D:2      | Reached XP level 4. HP: 24/24 MP: 3/7
  2041 | D:2      | Reached skill level 6 in Earth Magic
  2298 | D:2      | Found a deep blue altar of Sif Muna.
  2477 | D:3      | Found an ancient bone altar of Kikubaaqudgha.
  2525 | D:3      | Reached XP level 5. HP: 28/28 MP: 1/8
  2530 | D:3      | Learned a level 3 spell: Stone Arrow
  2576 | D:3      | Found a radiant altar of Vehumet.
  2621 | D:3      | Became a worshipper of Vehumet
  2627 | D:3      | Noticed Sigmund
  2765 | D:2      | Reached skill level 7 in Earth Magic
  2861 | D:3      | Found a sparkling altar of Nemelex Xobeh.
  2988 | D:3      | Noticed Jessica
  2993 | D:3      | Found a deep blue altar of Sif Muna.
  3025 | D:3      | Found a faded altar to an unknown god.
  3108 | D:3      | Killed Jessica
  3116 | D:3      | Noticed Terence
  3132 | D:3      | Killed Terence
  3132 | D:3      | Reached XP level 6. HP: 32/32 MP: 0/9
  3334 | D:4      | Found a sand-covered staircase.
  3346 | Ossuary  | Entered an ossuary
  3417 | D:4      | Found an oddly glowing altar of Pakellas.
  3441 | D:4      | Reached * piety under Vehumet
  3441 | D:4      | Offered knowledge of Sting by Vehumet.
  3448 | D:4      | Learned a level 5 spell: Lee's Rapid Deconstruction
  3498 | D:3      | Reached skill level 8 in Earth Magic
  3713 | D:4      | Found a glowing drain.
  3718 | D:4      | Reached skill level 1 in Conjurations
  3728 | Sewer    | Entered a sewer
  4000 | Sewer    | HP: 1/32 [crocodile (3)]
  4207 | D:4      | Found a bloodstained altar of Trog.
  4208 | D:4      | Reached XP level 7. HP: 36/36 MP: 6/10
  4286 | D:4      | Reached skill level 9 in Earth Magic
  4790 | D:5      | Entered Level 5 of the Dungeon
  5270 | D:5      | Offered knowledge of Freeze by Vehumet.
  5353 | D:5      | Found a basalt altar of Yredelemnul.
  5469 | D:5      | Reached ** piety under Vehumet
  5549 | D:5      | Found a shimmering altar of Xom.
  6171 | D:4      | Reached skill level 10 in Earth Magic
  6171 | D:4      | Reached XP level 8. HP: 16/41 MP: 1/11
  6479 | D:4      | Slain by an orc warrior

Skill      XL: |  1  2  3  4  5  6  7 |
---------------+----------------------+-----
Earth Magic    | 4 5 6 7 8 10 | 10.1
Conjurations   | 1 3 |  3.2
Short Blades   | |  0.3
Long Blades    | |  0.1
Throwing       | |  0.8
Dodging        | |  1.5
Stealth        | |  2.1
Spellcasting   | |  2.0
Transmutations | |  0.7

Action                   |  1- 3 |  4- 6 |  7- 9 || total
-------------------------+-------+-------+-------++-------
Melee: Dagger            |    28 |    75 |    21 ||   124
       Falchion          |       |       |    31 ||    31
Throw: Stone             |       |       |    11 ||    11
 Cast: Sandblast         |    41 |   132 |    30 ||   203
       Stone Arrow       |       |     6 |    24 ||    30
       Lee's Rapid Decon |       |       |     1 ||     1
  Use: Scroll            |     2 |     4 |     5 ||    11
       Potion            |       |     1 |     2 ||     3
 Stab: Sleeping          |     1 |       |       ||     1
  Eat: Bread ration      |     1 |       |     1 ||     2
       Chunk             |       |     4 |     3 ||     7
       Fruit             |       |     2 |       ||     2
       Meat ration       |       |     1 |     1 ||     2
Armor: Robe              |    13 |    58 |    31 ||   102
Dodge: Dodged            |    26 |   139 |    52 ||   217
Block: Other             |       |       |     8 ||     8
